 Dungeon Crawl Stone Soup version 0.22.1-2-g9c5b331 (webtiles) character file.

403 Lilu the Conjurer (level 6, 0/32 HPs)
             Began as a Deep Elf Conjurer on Nov 14, 2018.
             Slain by a worker ant (7 damage)
             ... on level 5 of the Dungeon.
             The game lasted 00:11:54 (4507 turns).

Lilu the Conjurer (Deep Elf Conjurer)               Turns: 4507, Time: 00:11:55

Health: 0/32       AC:  3    Str:  7    XL:     6   Next: 55%
Magic:  12/16      EV: 15    Int: 20    God:
Gold:   194        SH:  0    Dex: 15    Spells: 12/15 levels left

rFire    . . .     SeeInvis .   j - +1 whip (freeze)
rCold    . . .     Gourm    .   (no shield)
rNeg     . . .     Faith    .   a - +0 robe
rPois    .         Spirit   .   (no helmet)
rElec    .         Reflect  .   u - +0 cloak
rCorr    .         Harm     .   (no gloves)
MR       .....                  (no boots)
Stlth    ++........             (no amulet)
HPRegen  0.10/turn              (no ring)
MPRegen  0.15/turn              (no ring)

@: no status effects
A: no striking features
a: no special abilities


You were on level 5 of the Dungeon.
You were not hungry.

You visited 1 branch of the dungeon, and saw 5 of its levels.

You collected 194 gold pieces.

Inventory:

Hand Weapons
 j - a +1 whip of freezing (weapon)
 l - a +2 flail of holy wrath
Missiles
 e - 13 javelins (quivered)
 h - 126 stones
 m - a throwing net
 n - 38 bolts
 z - 4 tomahawks
Armour
 a - a +0 robe (worn)
 u - a +0 cloak (worn)
 x - a +0 leather armour
 y - a +0 ring mail
Jewellery
 s - a +5 ring of evasion {unknown}
Scrolls
 b - a scroll of immolation {unknown}
 d - 2 scrolls of fear {unknown}
 f - 3 scrolls of identify {unknown}
 p - 2 scrolls of fog {unknown}
 v - 2 scrolls of enchant weapon {unknown}
 w - a scroll of teleportation {unknown}
 A - a scroll of remove curse {unknown}
 D - a scroll of noise {unknown}
Potions
 g - 3 potions of heal wounds {unknown}
 i - 4 potions of resistance {unknown}
 o - 2 potions of brilliance {unknown}
 q - a potion of berserk rage {unknown}
 r - a potion of haste {unknown}
 t - a potion of mutation {unknown}
 B - a potion of curing {unknown}
 C - 2 potions of degeneration {unknown}
Comestibles
 c - 7 rations
 k - a chunk of flesh


   Skills:
 + Level 4.6 Dodging
 - Level 2.4 Stealth
 + Level 5.3 Spellcasting
 * Level 6.9 Conjurations


You had 12 spell levels left.
You knew the following spells:

 Your Spells              Type           Power        Failure   Level  Hunger
a - Magic Dart            Conj           ####         1%          1    None
b - Searing Ray           Conj           ####..       1%          2    None

Your spell library contained the following spells:

 Spells                   Type           Power        Failure   Level  Hunger
 Iskenderun's Mystic Bla  Conj           ####....     6%          4    ####...
 Dazzling Spray           Conj/Hex       ###...       9%          3    ##.....
 Force Lance              Conj/Tloc      ###.....     26%         4    ####...
 Fulminant Prism          Conj/Hex       ###.......   26%         4    ####...


Dungeon Overview and Level Annotations

Branches:
Dungeon (5/15)
 Temple: D:4-7

Altars:
Qazlal
Trog

Annotations:
D:4 Edmund


Message History

The orc wizard gestures wildly while chanting.
The orc wizard flickers and vanishes!
Deactivating autopickup; reactivate with Ctrl-A.
Casting: Searing Ray (safe; 1% risk of failure)
Confirm with . or Enter, or press ? or * to list all spells.
Okay, then.
A magic dart appears from out of thin air!
The magic dart hits you! The worker ant bites you.
* * * LOW HITPOINT WARNING * * *
Found a scroll labeled ACWURHIQE.
Casting: Searing Ray (safe; 1% risk of failure)
Confirm with . or Enter, or press ? or * to list all spells.
Aiming: Searing Ray (safe; 1% risk of failure)
Press: ? - help, Shift-Dir - straight line, f - worker ant
Aim: a worker ant The searing ray hits the worker ant.
The worker ant is moderately wounded. (Press . to maintain the ray.)
The worker ant bites you!
You die...

....†.....##.....
#.....#.#.......
####..#$#.##...
##...#.#..# ##....#.#
#......# #.# ###......##
# #.# #....##...#####.#
#.# #.....##.......a@..#
### #.#
....####.######.#....?..
...#.### ..#......#
#..##.#### #.#...#
.#..###..#######.# #
#.....# ..
###..........##.#
####..<... . #...#######
..... ........... .##
#.### ....# ####..#+#..
... #.# ##..# #..+_'..
#.##.# #.## #..#+#..


You could see a worker ant.

Vanquished Creatures
  An ogre (D:4)
  2 orc priests
  Crazy Yiuf (D:2)
  An orc wizard (D:3)
  Natasha (twice) (D:4)
  3 gnolls
  4 adders
  3 worms
  2 dart slugs (D:1)
  A leopard gecko (D:1)
  8 orcs
  6 goblins
  8 hobgoblins
  3 jackals (D:2)
  A ball python (D:3)
  9 bats
  7 frilled lizards
  10 kobolds
  9 rats
81 creatures vanquished.

Notes
Turn   | Place    | Note
-------+----------+-------------------------------------------
     0 | D:1      | Lilu the Deep Elf Conjurer began the quest for the Orb.
     0 | D:1      | Reached XP level 1. HP: 10/10 MP: 6/6
   378 | D:1      | Reached XP level 2. HP: 15/15 MP: 8/8
  1124 | D:1      | Reached skill level 5 in Conjurations
  1169 | D:1      | Reached XP level 3. HP: 19/19 MP: 5/10
  1376 | D:1      | Learned a level 2 spell: Searing Ray
  1564 | D:2      | Reached XP level 4. HP: 24/24 MP: 3/11
  1851 | D:2      | Found a stormy altar of Qazlal.
  2224 | D:2      | Found a runed door.
  2228 | D:2      | Noticed Crazy Yiuf
  2232 | D:2      | Killed Crazy Yiuf
  2232 | D:2      | Reached XP level 5. HP: 23/28 MP: 8/13
  2803 | D:3      | Reached skill level 6 in Conjurations
  3330 | D:4      | Noticed Edmund
  3375 | D:4      | Noticed Natasha
  3376 | D:4      | Noticed an ogre
  3380 | D:4      | Killed Natasha
  4095 | D:4      | Killed an ogre
  4095 | D:4      | Reached skill level 5 in Spellcasting
  4095 | D:4      | Reached XP level 6. HP: 32/32 MP: 8/15
  4321 | D:4      | Noticed Natasha
  4328 | D:4      | Killed Natasha
  4423 | D:5      | Entered Level 5 of the Dungeon
  4426 | D:5      | Found a bloodstained altar of Trog.
  4507 | D:5      | Slain by a worker ant

Skill      XL: |  1  2  3  4  5 |
---------------+----------------+-----
Conjurations   | 5 6 |  6.9
Dodging        | 3 4 |  4.6
Spellcasting   | 4 5 |  5.3
Stealth        | |  2.4

Action                   |  1- 3 |  4- 6 || total
-------------------------+-------+-------++-------
Melee: Whip              |    22 |    13 ||    35
 Cast: Magic Dart        |    39 |    31 ||    70
       Searing Ray       |     4 |    28 ||    32
 Stab: Sleeping          |     3 |     1 ||     4
  Eat: Chunk             |     2 |     6 ||     8
       Ration            |       |     1 ||     1
Armor: Robe              |     4 |     3 ||     7
Dodge: Dodged            |    16 |    21 ||    37
